Map: World of Sleepers LE

Players

ViBE - Winner!

  • Race: Protoss Protoss
  • League: Bronze
  • Spawn Location: 7:00

RiceIsBest

  • Race: Zerg Zerg
  • Spawn Location: 1:00

VOD

https://www.youtube.com/watch?v=kuS_PgtyAP8&list=PLFeZeom2b4DmHduNHeFj-6PfoasuSQn3P&index=2

Description

Time

  • Played on: Dec. 4, 2019, 10:33 p.m.
  • Length: 26:52
Show
View Real Time Build Order
Export as new Build Order

ViBE Protoss - Winner!

Build Orders: 1 Gate Expand 

Get SALT Encoding   

  12  0:01  Probe  
  13  0:13  Probe  
  14  0:21  Pylon  
  14  0:25  Probe  
  15  0:39  Probe  
  16  0:42  Gateway  
  16  0:45  Assimilator  
  16  0:51  Probe  
  17  1:03  Probe (Chrono Boost)  
  18  1:15  Probe (Chrono Boost)  
  19  1:20  Probe (Chrono Boost)  
  20  1:28  Nexus  
  20  1:30  Probe  
  21  1:40  Cybernetics Core  
  21  1:42  Probe  
  22  1:47  Pylon  
  22  1:54  Probe  
  23  1:58  Assimilator  
  23  2:06  Probe  
  24  2:17  Stalker  
  24  2:18  Probe (Chrono Boost)  
  24  2:19  Warp Gate  
  28  2:30  Probe (Chrono Boost)  
  28  2:34  Pylon  
  28  2:38  Probe (Chrono Boost)  
  30  2:44  Probe (Chrono Boost)  
  30  2:45  Probe (Chrono Boost)  
  30  2:51  Stalker  
  33  2:56  Probe (Chrono Boost)  
  33  2:57  Probe (Chrono Boost)  
  35  3:05  Probe x2 (Chrono Boost)  
  37  3:07  Robotics Facility  
  37  3:10  Probe (Chrono Boost)  
  37  3:12  Probe (Chrono Boost)  
  37  3:22  Probe (Chrono Boost)  
  38  3:28  Probe (Chrono Boost)  
  38  3:30  Probe (Chrono Boost)  
  39  3:35  Probe  
  39  3:36  Probe  
  41  3:41  Nexus  
  41  3:43  Pylon  
  42  3:49  Probe (Chrono Boost)  
  42  3:51  Probe (Chrono Boost)  
  42  3:55  Assimilator  
  43  3:57  Assimilator  
  43  3:59  Pylon  
  43  4:00  Probe (Chrono Boost)  
  43  4:02  Probe (Chrono Boost)  
  45  4:05  Probe (Chrono Boost)  
  45  4:07  Observer  
  45  4:08  Stalker  
  49  4:12  Probe  
  49  4:16  Probe  
  51  4:20  Pylon  
  51  4:25  Probe  
  51  4:28  Probe, Immortal  
  57  4:37  Probe, Gateway  
  58  4:38  Gateway  
  58  4:40  Probe  
  58  4:42  Stalker  
  61  4:52  Pylon  
  61  4:57  Probe x3 (Chrono Boost)  
  67  5:07  Probe x3 (Chrono Boost)  
  67  5:09  Immortal  
  67  5:11  Stalker  
  67  5:12  Probe x3 (Chrono Boost)  
  76  5:24  Probe x3  
  79  5:36  Probe x3, Assimilator  
  79  5:38  Stalker x3, Assimilator  
  88  5:49  Probe x3  
  91  5:52  Nexus  
  91  5:53  Pylon  
  91  5:58  Immortal (Chrono Boost)  
  91  6:02  Pylon, Probe  
  91  6:03  Probe  
  97  6:04  Probe  
  98  6:15  Pylon  
  98  6:16  Pylon, Probe x3  
  98  6:18  Stalker x2  
  103  6:21  Stalker  
  107  6:28  Probe x3  
  107  6:32  Pylon  
  110  6:35  Immortal (Chrono Boost)  
  110  6:37  Pylon  
  114  6:41  Probe x3  
  114  6:44  Stalker  
  114  6:45  Stalker  
  121  6:47  Stalker  
  123  6:59  Pylon  
  123  7:03  Probe x3  
  123  7:06  Probe  
  127  7:10  Immortal  
  127  7:12  Stalker x3  
  127  7:15  Probe x2  
  139  7:26  Nexus  
  139  7:28  Pylon  
  139  7:31  Gateway  
  139  7:32  Gateway  
  139  7:35  Gateway  
  139  7:36  Gateway  
  139  7:37  Gateway  
  139  7:39  Gateway  
  139  7:42  Gateway  
  139  7:43  Forge  
  139  7:52  Immortal (Chrono Boost)  
  139  7:54  Stalker x2  
  139  7:55  Stalker  
  149  8:10  Pylon  
  149  8:11  Pylon  
  149  8:17  Protoss Ground Weapons Level 1  
  149  8:39  Stalker x2  
  149  8:40  Stalker x3  
  149  8:41  Stalker x2  
  161  8:42  Stalker  
  161  8:44  Immortal  
  169  8:50  Gateway  
  169  8:52  Gateway  
  169  8:53  Gateway  
  169  8:55  Gateway  
  169  8:57  Gateway  
  169  8:59  Gateway  
  169  9:04  Gateway  
  169  9:08  Stalker x2  
  169  9:09  Stalker  
  175  9:10  Gateway  
  175  9:11  Stalker x3, Gateway  
  175  9:12  Stalker  
  175  9:13  Stalker, Gateway  
  175  9:15  Stalker, Gateway  
  187  9:20  Gateway  
  187  9:22  Gateway  
  187  9:49  Photon Cannon  
  187  9:50  Photon Cannon  
  187  9:57  Photon Cannon  
  187  9:58  Photon Cannon  
  165  10:02  Photon Cannon  
  165  10:04  Photon Cannon  
  165  10:05  Photon Cannon  
  165  10:06  Photon Cannon  
  139  10:08  Stalker x4  
  139  10:09  Stalker x3  
  139  10:10  Stalker x4  
  139  10:11  Stalker x2  
  139  10:12  Stalker x2  
  139  10:13  Stalker x3  
  159  10:19  Immortal (Chrono Boost), Protoss Ground Armor Level 1  
  157  10:33  Stalker x3  
  157  10:34  Stalker x3  
  157  10:35  Stalker  
  171  10:36  Stalker  
  173  10:48  Stalker x3  
  173  10:49  Stalker x3  
  185  10:51  Stalker  
  185  10:53  Stalker  
  189  10:57  Stalker x2  
  189  10:59  Stalker  
  195  11:27  Stalker x2  
  199  11:57  Assimilator x2  
  199  11:59  Assimilator  
  165  12:18  Nexus  
  165  12:19  Pylon  
  165  12:22  Pylon  
  141  12:24  Assimilator  
  141  12:28  Assimilator  
  122  12:38  Stalker, Immortal  
  122  12:39  Stalker x6  
  122  12:40  Stalker x5  
  122  12:41  Stalker x4  
  122  12:42  Stalker x4  
  122  12:43  Stalker x3  
  144  12:49  Robotics Facility  
  144  12:51  Robotics Facility  
  136  13:09  Stalker  
  136  13:10  Stalker x3  
  136  13:11  Stalker x2  
  136  13:12  Stalker x5  
  156  13:13  Stalker x4  
  156  13:14  Stalker x3  
  156  13:15  Stalker x3  
  156  13:16  Stalker  
  156  13:17  Stalker  
  180  13:40  Stalker  
  180  13:41  Stalker x3  
  186  13:42  Stalker x3  
  186  13:43  Stalker x2  
  186  13:44  Stalker  
  200  14:03  Protoss Shields Level 1  
  160  14:29  Immortal  
  160  14:30  Immortal x2  
  170  14:34  Stalker x2  
  170  14:35  Stalker x4  
  170  14:36  Stalker x4  
  170  14:37  Stalker x5  
  170  14:38  Stalker x2  
  192  14:56  Stalker  
  192  14:57  Stalker x3  
  198  15:01  Nexus  
  198  15:03  Pylon  
  196  15:27  Immortal  
  198  15:32  Immortal  
  198  15:33  Immortal  
  196  15:42  Photon Cannon  
  174  15:48  Photon Cannon  
  164  15:57  Stalker x3, Photon Cannon  
  164  15:58  Stalker x4  
  164  15:59  Stalker x4  
  164  16:00  Stalker, Photon Cannon  
  164  16:01  Stalker  
  164  16:03  Stalker  
  188  16:07  Immortal  
  188  16:08  Stalker  
  188  16:09  Stalker  
  190  16:11  Immortal  
  190  16:13  Immortal  
  194  16:27  Stalker x3  
  178  16:56  Immortal x3  
  178  16:58  Stalker x2  
  178  16:59  Stalker x3  
  178  17:00  Stalker x3  
  192  17:12  Stalker x4  
  192  17:13  Stalker x2  
  192  17:14  Stalker  
  188  17:17  Stalker  
  190  17:23  Stalker x2  
  190  17:24  Stalker  
  190  17:25  Stalker  
  190  17:27  Nexus  
  190  17:28  Stalker  
  190  17:29  Pylon  
  200  17:32  Pylon  
  200  18:15  Nexus, Twilight Council  
  200  18:16  Pylon  
  196  18:37  Stalker  
  196  18:38  Stalker x2  
  164  19:03  Stalker x2  
  164  19:04  Stalker x3  
  164  19:05  Stalker x4  
  164  19:06  Stalker x4  
  164  19:07  Stalker  
  164  19:08  Stalker x4  
  164  19:09  Stalker x3  
  192  19:10  Stalker x2  
  192  19:13  Immortal x2  
  156  19:41  Stalker x3  
  156  19:42  Stalker x4  
  156  19:43  Stalker x3  
  156  19:44  Stalker x3  
  156  19:45  Stalker x4  
  186  19:46  Stalker x4  
  186  19:47  Stalker  
  200  19:59  Forge x2  
  200  20:27  Protoss Ground Armor Level 2 (Chrono Boost)  
  200  20:28  Protoss Shields Level 2 (Chrono Boost)  
  192  20:29  Protoss Ground Weapons Level 2 (Chrono Boost)  
  176  20:42  Stalker x2  
  158  20:43  Stalker x4  
  168  21:01  Stalker x2  
  168  21:02  Stalker x4  
  168  21:03  Stalker x4  
  168  21:04  Stalker x5  
  188  21:05  Stalker x4  
  188  21:06  Stalker  
  188  21:08  Stalker  
  184  21:18  Assimilator  
  184  21:21  Assimilator x2  
  184  21:24  Assimilator  
  184  21:25  Assimilator  
  170  21:29  Stalker x3  
  170  21:30  Stalker x3  
  170  21:31  Stalker x4  
  170  21:32  Stalker  
  180  21:33  Stalker x2  
  180  21:34  Stalker x2  
  180  21:35  Stalker  
  180  21:37  Stalker  
  180  21:39  Stalker  
  178  21:40  Stalker  
  176  21:49  Stalker x2  
  176  21:50  Stalker  
  182  22:24  Stalker x2  
  182  22:25  Stalker x5  
  182  22:26  Stalker x2  
  200  22:52  Protoss Ground Weapons Level 3 (Chrono Boost), Protoss Ground Armor Level 3 (Chrono Boost)  
  200  22:55  Protoss Shields Level 3 (Chrono Boost)  
  170  23:35  Stalker  
  170  23:36  Stalker x5  
  170  23:37  Stalker x3  
  170  23:38  Stalker x5  
  170  23:39  Stalker x4, Nexus  
  170  23:40  Stalker  
  200  23:42  Pylon  
  194  23:49  Stalker x3  
  194  23:50  Stalker  
  158  24:15  Stalker x5  
  158  24:16  Stalker x4  
  158  24:17  Stalker x5  
  170  24:18  Stalker  
  170  24:19  Stalker x3  
  170  24:20  Stalker x2  
  170  24:21  Stalker  
  182  24:28  Stalker x2  
  176  24:45  Observer x2  
  178  24:58  Stalker x2  
  178  24:59  Stalker x3  
  188  25:00  Stalker x3  
  188  25:01  Stalker x3  
  188  26:16  Stalker  
  188  26:17  Stalker x5  
  188  26:18  Stalker x2  
  186  26:33  Stalker  
  186  26:34  Stalker x4  
  186  26:35  Stalker x2  
  186  26:37  Stalker  
  186  26:38  Stalker x2  
  200  26:42  Stalker  
Show
View Real Time Build Order
Export as new Build Order

RiceIsBest Zerg 

Build Orders: Hatch First 

Get SALT Encoding   

  12  0:01  Drone  
  13  0:12  Overlord  
  13  0:16  Drone  
  14  0:31  Drone x2  
  14  0:34  Drone  
  17  0:53  Hatchery  
  17  0:56  Drone  
  17  0:59  Extractor  
  17  1:04  Drone  
  17  1:17  Spawning Pool  
  16  1:19  Drone  
  16  1:23  Drone  
  18  1:28  Drone  
  19  1:39  Overlord  
  19  1:52  Drone  
  20  2:03  Metabolic Boost  
  20  2:04  Queen  
  20  2:05  Queen  
  24  2:11  Zergling x2  
  24  2:13  Zergling x2  
  26  2:18  Zergling x2  
  26  2:22  Zergling x2  
  28  2:30  Drone  
  28  2:31  Drone  
  28  2:33  Drone  
  31  2:39  Zergling x2  
  32  2:49  Drone x2  
  34  3:02  Queen  
  36  3:06  Overlord  
  36  3:10  Hatchery  
  31  3:29  Zergling x4  
  31  3:30  Drone x6  
  39  3:38  Drone  
  40  3:42  Roach Warren  
  40  3:47  Evolution Chamber  
  38  3:48  Extractor  
  38  3:49  Evolution Chamber  
  38  3:51  Drone x2  
  38  4:03  Drone  
  38  4:04  Drone x2  
  38  4:05  Overlord  
  38  4:06  Overlord x2  
  38  4:08  Drone  
  42  4:18  Zerg Missile Weapons Level 1  
  41  4:34  Queen  
  41  4:35  Overlord x2  
  41  4:36  Drone x5  
  48  4:39  Zerg Melee Weapons Level 1  
  48  4:43  Drone x2  
  48  4:45  Drone  
  51  4:47  Drone  
  51  4:48  Drone  
  53  5:09  Lair  
  54  5:21  Drone  
  54  5:22  Roach  
  54  5:23  Roach  
  54  5:26  Extractor  
  54  5:27  Extractor  
  56  5:29  Spore Crawler  
  56  5:32  Spore Crawler  
  54  5:50  Drone  
  54  5:51  Roach x4  
  54  5:52  Drone x6  
  54  5:53  Drone x4  
  73  6:05  Drone x2  
  73  6:06  Drone  
  73  6:09  Extractor  
  75  6:13  Zerg Missile Weapons Level 2  
  75  6:21  Extractor  
  75  6:23  Glial Reconstitution  
  74  6:32  Queen x2  
  74  6:34  Drone, Roach  
  74  6:35  Roach x4  
  74  6:36  Drone, Overlord x3  
  74  6:37  Overlord  
  74  6:39  Hatchery  
  89  6:54  Baneling Nest  
  88  6:55  Drone x6  
  88  6:56  Drone  
  88  6:57  Hydralisk Den  
  94  7:04  Drone x2  
  96  7:11  Drone x2  
  98  7:29  Roach x6  
  110  7:33  Muscular Augments  
  110  7:34  Zerg Melee Weapons Level 2  
  110  7:54  Roach x2  
  110  7:55  Roach x7, Infestation Pit, Overlord  
  110  7:56  Overlord  
  127  7:59  Centrifical Hooks  
  127  8:05  Drone  
  127  8:09  Overlord x4  
  127  8:10  Overlord  
  128  8:25  Roach  
  128  8:26  Roach x7  
  144  8:27  Overlord x2  
  144  8:45  Ravager x4  
  144  8:46  Ravager x6  
  144  8:47  Ravager  
  155  8:48  Zergling x2  
  155  8:49  Zergling x20  
  166  9:15  Zergling x4  
  167  9:19  Zergling x24  
  167  9:20  Zergling x8  
  183  9:30  Zerg Ground Armor Level 1  
  183  9:33  Neural Parasite  
  183  9:36  Hive  
  183  9:40  Spire  
  183  9:43  Baneling  
  183  9:44  Baneling x12  
  182  9:46  Drone, Baneling  
  182  9:47  Drone x4  
  182  9:52  Extractor  
  186  9:58  Roach  
  186  9:59  Roach x4  
  132  10:11  Roach  
  132  10:12  Roach x6  
  101  10:34  Drone  
  101  10:35  Drone x3  
  105  10:36  Drone x4  
  105  10:37  Drone x2  
  111  10:44  Grooved Spines  
  111  10:51  Zerg Missile Weapons Level 3  
  111  10:58  Zergling x2  
  111  10:59  Zergling x14  
  119  11:18  Drone  
  120  11:19  Roach x8  
  120  11:20  Roach x3  
  120  11:22  Hatchery  
  141  11:27  Extractor  
  140  11:44  Hatchery  
  140  11:46  Zergling x26  
  140  11:47  Zergling x6  
  155  11:50  Ravager  
  155  11:51  Ravager x6  
  155  11:52  Ravager x3, Overlord x3  
  155  12:12  Roach x5  
  155  12:13  Roach x10  
  149  12:24  Zergling x4  
  149  12:25  Zergling x4  
  132  12:38  Roach  
  132  12:39  Roach x8  
  133  12:52  Roach x3  
  133  12:54  Adrenal Glands  
  133  12:56  Hatchery  
  133  12:58  Greater Spire  
  138  13:05  Drone, Roach  
  141  13:06  Roach x2  
  140  13:24  Pathogen Glands  
  140  13:36  Drone  
  140  13:38  Drone x5  
  140  13:39  Drone x3  
  149  13:47  Queen x3  
  155  13:55  Queen  
  155  13:56  Drone  
  155  13:57  Roach x6  
  155  14:01  Roach x2  
  155  14:02  Roach  
  166  14:14  Corruptor  
  166  14:15  Corruptor x3  
  122  14:35  Roach  
  122  14:36  Roach x13  
  122  14:37  Zergling x2  
  114  15:01  Brood Lord  
  114  15:02  Brood Lord  
  114  15:03  Corruptor x3, Brood Lord  
  114  15:05  Roach x5  
  122  15:22  Zergling x2, Roach  
  122  15:23  Zergling x22, Spine Crawler  
  129  15:37  Overlord x5  
  108  15:50  Hatchery  
  100  16:05  Brood Lord x2  
  100  16:06  Brood Lord  
  92  16:12  Roach x3  
  92  16:13  Roach  
  92  16:33  Roach  
  92  16:34  Roach x7  
  92  16:37  Overlord  
  104  16:46  Roach  
  106  16:47  Roach  
  106  16:49  Overlord  
  104  17:03  Hatchery  
  101  17:24  Hatchery  
  101  17:26  Extractor  
  99  17:30  Drone  
  99  17:31  Drone x10  
  110  18:09  Roach x9  
  110  18:10  Overlord  
  110  18:11  Overlord x4  
  107  18:29  Roach  
  107  18:30  Roach x6  
  117  18:39  Roach  
  117  18:40  Roach x4  
  120  18:59  Roach  
  120  19:00  Roach x9  
  117  19:10  Roach x4  
  111  19:20  Roach x2  
  111  19:21  Roach x2  
  114  19:51  Queen x3  
  120  19:57  Zerg Flyer Weapons Level 1  
  120  20:00  Drone  
  120  20:01  Drone x11  
  120  20:02  Drone  
  133  20:10  Extractor  
  133  20:12  Roach x3  
  138  20:23  Roach  
  138  20:24  Roach x4  
  119  20:54  Extractor  
  103  21:06  Roach  
  103  21:07  Roach x13  
  131  21:14  Roach  
  125  21:28  Zerg Ground Armor Level 2  
  121  21:35  Roach  
  121  21:36  Roach x7  
  135  22:09  Hatchery, Overlord x6  
  135  22:10  Overlord  
  134  22:22  Extractor  
  133  22:23  Zerg Flyer Weapons Level 2  
  133  22:37  Roach, Infestor  
  133  22:38  Infestor x3  
  126  23:22  Roach  
  126  23:23  Roach x16  
  96  23:56  Infestor x2  
  83  24:08  Roach x6  
  92  24:10  Zergling x12  
  92  24:15  Extractor  
  94  24:29  Overlord  
  94  24:52  Hatchery  
  93  24:59  Hatchery  
  92  25:03  Infestor  
  92  25:04  Drone  
  92  25:05  Drone x10  
  99  25:42  Roach x7  
  98  25:52  Zergling x2, Roach  
  98  25:53  Zergling x20  
  110  26:06  Zergling x2  
  110  26:07  Zergling x8  
  115  26:13  Zergling x2  
Tags
 
Add a new tag
Caveats
  • Supply blocks, unpowered buildings, or Contaminate may cause inaccurate times.
  • Supply counts are checked every 10 seconds.